 Dungeon Crawl Stone Soup version 0.30-a0-591-g3c58d2bc28 (webtiles) character file.

Game seed: 6079969198291448244

1331 omnomnOMINOUS the Conjurer (level 8, -2/54 HPs)
             Began as an Octopode Wanderer on Jan 4, 2023.
             Slain by an ice beast (13 damage)
             ... on level 5 of the Dungeon on Jan 5, 2023.
             The game lasted 00:13:39 (5818 turns).

omnomnOMINOUS the Conjurer (Octopode Wanderer)      Turns: 5818, Time: 00:13:39

Health: -2/54      AC:  1    Str:  9    XL:     8   Next: 60%
Magic:  2/11       EV: 14    Int: 20    God:
Gold:   345        SH:  0    Dex: 10    Spells: 8/11 levels left

rFire   . . .      SeeInvis .    a - +0 dagger (venom)
rCold   . . .      Faith    +    u - orb {light}
rNeg    . . .      Spirit   .    (helmet restricted)
rPois   .          Reflect  .    n - amulet of faith
rElec   .          Harm     .    (no ring)
rCorr   .          Rampage  .    (no ring)
Will    .....                    (no ring)
Stlth   +                        (no ring)
HPRegen 0.29/turn                (no ring)
MPRegen 0.12/turn                (no ring)
                                 (no ring)
                                 (no ring)

@: glowing
A: almost no armour, amphibious, 8 rings, camouflage 1, gelatinous body 1,
(nimble swimmer 1), tentacles
a: no special abilities


You were on level 5 of the Dungeon.
You visited 1 branch of the dungeon, and saw 6 of its levels.

You collected 345 gold pieces.

Inventory:

Hand Weapons
 a - a +0 dagger of venom (weapon)
 b - a +0 trident
 c - a +2 vampiric short sword
 t - a +3 short sword of flaming
Missiles
 q - 4 curare-tipped darts (quivered)
Armour
 u - an orb of light (worn)
Magical Staves
 o - a staff of death
Jewellery
 n - an amulet of faith (around mantle)
Wands
 m - a wand of light (11)
Scrolls
 d - a scroll of butterflies {unknown}
 e - 2 scrolls of magic mapping
 f - a scroll of vulnerability
 l - 2 scrolls of poison
 v - a scroll of immolation
Potions
 g - a potion of heal wounds
 h - a potion of degeneration {unknown}
 i - a potion of cancellation {unknown}
 j - a potion of brilliance {unknown}
 k - a potion of curing
 p - a potion of ambrosia {unknown}
 r - a potion of resistance {unknown}


   Skills:
 + Level 4.6 Fighting
 - Level 1.0 Throwing
 + Level 4.6 Dodging
 - Level 1.3 Stealth
 + Level 2.3 Spellcasting
 * Level 5.5 Conjurations
 - Level 4.0 Summonings
 * Level 4.5 Earth Magic
 - Level 1.1 Evocations


You had 8 spell levels left.
You knew the following spells:

 Your Spells              Type           Power      Damage    Failure   Level
a - Stone Arrow           Conj/Erth      44%        3d9       6%          3

Your spell library contained the following spells:

 Spells                   Type           Power      Damage    Failure   Level
 Summon Small Mammal      Summ           72%        N/A       3%          1
 Foxfire                  Conj/Fire      52%        2x1d6     4%          1
 Call Imp                 Summ           18%        N/A       4%          2
 Hailstorm                Conj/Ice       13%        3d5       14%         3
 Freeze                   Ice            8%         1d3       16%         1
 Frozen Ramparts          Ice            4%         1d1       41%         3
 Summon Lightning Spire   Summ/Air       10%        N/A       54%         4


Dungeon Overview and Level Annotations

Branches:
Dungeon (6/15)
 Temple: D:4-7

Altars:
Cheibriados
Okawaru
Sif Muna
Wu Jian

Shops:
D:5 =


Innate Abilities, Weirdness & Mutations

You cannot wear most types of armour.
You are amphibious.
You can wear up to eight rings at the same time.
Your skin changes colour to match your surroundings (Stealth+).
Your rubbery body absorbs attacks. (AC +1, EV +1)
((You are camouflaged when in or above water. (Stealth+)))
You have tentacles for arms and can constrict up to eight enemies at once.


Message History

The orc wizard hits you with a +0 dagger.
The ice beast closely misses you. The orc hits you with a +0 whip.
Unknown command.
Casting: Stone Arrow (dangerous; 6% risk of failure)
Confirm with . or Enter, or press ? or * to list all spells.
Aiming: Stone Arrow (dangerous; 6% risk of failure)
Press: ? - help, Shift-Dir - straight line, f/p - ice beast
Aim: an ice beast (lightly wounded, haloed, 81% to hit)
The stone arrow hits the ice beast.
The ice beast is moderately wounded.
The orc wizard barely misses you. The ice beast barely misses you.
The orc barely misses you.
Unknown command.
Casting: Stone Arrow (dangerous; 6% risk of failure)
Confirm with . or Enter, or press ? or * to list all spells.
Aiming: Stone Arrow (dangerous; 6% risk of failure)
Press: ? - help, Shift-Dir - straight line, f/p - ice beast
Aim: an ice beast (moderately wounded, haloed, 81% to hit)
The stone arrow hits the ice beast!
The ice beast is severely wounded.
The orc wizard hits you with a +0 dagger.
The ice beast misses you. The orc misses you.
Unknown command.
Casting: Stone Arrow (dangerous; 6% risk of failure)
Confirm with . or Enter, or press ? or * to list all spells.
You don't have enough magic to cast this spell.
You hit the ice beast. You squeeze the ice beast.
The ice beast is almost dead.
The orc wizard splashes around in the water.
The ice beast hits you. The ice beast freezes you!
The orc hits you with a +0 whip.
You hit the ice beast. Your squeeze misses the ice beast.
The ice beast is almost dead.
The orc wizard points at you and mumbles some strange words.
The puff of flame hits you!
* * * LOW HITPOINT WARNING * * *
The ice beast hits you.
* * * LOW HITPOINT WARNING * * *
The ice beast freezes you!
You die...

###...##.......####..######.#..~.
.##...###.###### ##.##..#..#.~~~
......###.# ##### #..#......#~~~~
#.....##..###≈≈≈###.........#~~~~
#..........#≈≈≈≈≈##.........#####
#.....#.....≈~∩~≈...##.......#...
#.#)..#.....≈~.~≈.#..##....#.....
...#.........~.oY.#.###....###...
..##............@...##.....####..
.###.....#.......o..........##...
..##.....#...........##..........
#..#.....#>..........##..........
#.............##....#####..#.....
##...........##.....#####...#...†
#.......##..######....#...###....
##...[.###.### #....#.....##.....
.....).......# ##.###.....#......


You could see an ice beast, an orc wizard (invisible, poisoned) and an orc.

Vanquished Creatures
  A water moccasin (D:4)
  Duvessa (D:5)
  An ice beast (D:5)
  A black bear (D:6)
  Blork the orc (D:5)
  2 necrophages
  2 scorpions
  Dowan (D:5)
  2 howler monkeys
  A jelly (D:5)
  4 hounds
  4 iguanas
  3 orc wizards
  4 gnolls (D:3)
  7 adders
  3 worms
  4 dart slugs
  11 orcs
  3 endoplasms (D:4)
  3 giant cockroaches
  4 goblins
  8 hobgoblins
  2 jackals (D:1)
  9 kobolds
  3 quokkas
  6 ball pythons
  12 bats
  3 frilled lizards
  6 rats
112 creatures vanquished.

Vanquished Creatures (others)
  A plant (D:1)
1 creature vanquished.

Grand Total: 113 creatures vanquished

Notes
Turn   | Place    | Note
-------+----------+-------------------------------------------
     0 | D:1      | omnomnOMINOUS the Octopode Wanderer began the quest for the
                  | Orb.
     0 | D:1      | omnomnOMINOUS set off with the following items: a +0
                  | dagger, 8 boomerangs, a scroll of fear; and the following
                  | spells available to memorise: Summon Small Mammal, Call
                  | Imp, Foxfire, Stone Arrow, Summon Lightning Spire.
     0 | D:1      | Reached XP level 1. HP: 11/11 MP: 3/3
    79 | D:1      | Reached XP level 2. HP: 13/18 MP: 5/5
   342 | D:1      | Reached skill level 2 in Conjurations
   391 | D:1      | Reached skill level 1 in Fighting
   511 | D:1      | Reached skill level 1 in Dodging
   524 | D:1      | Reached XP level 3. HP: 23/23 MP: 6/6
   528 | D:1      | Learned a level 3 spell: Stone Arrow
   849 | D:2      | Identified the +1 robe "Wyuten" {rF+++ Int-5 Dex+2 Stlth+}
  1360 | D:2      | Reached XP level 4. HP: 28/28 MP: 7/7
  1752 | D:3      | Reached skill level 3 in Conjurations
  1852 | D:3      | Reached skill level 1 in Earth Magic
  1852 | D:3      | Reached XP level 5. HP: 13/34 MP: 8/8
  2248 | D:3      | Found an iron altar of Okawaru.
  2645 | D:4      | Reached XP level 6. HP: 31/41 MP: 9/9
  3230 | D:4      | Noticed a water moccasin
  3239 | D:4      | Killed a water moccasin
  3240 | D:4      | Reached skill level 4 in Conjurations
  3240 | D:4      | Reached XP level 7. HP: 25/46 MP: 10/10
  3378 | D:4      | Identified the +3 leather armour of Ashenzari's Hatred {Fly
                  | Str+3}
  3534 | D:5      | Entered Level 5 of the Dungeon
  3553 | D:5      | Noticed Dowan
  3555 | D:5      | Noticed Duvessa
  3570 | D:5      | Killed Dowan
  3717 | D:5      | Noticed Blork the orc
  3722 | D:5      | Killed Duvessa
  3729 | D:5      | Killed Blork the orc
  3868 | D:5      | Found Deiviuffo's Jewellery Boutique.
  3996 | D:5      | Reached XP level 8. HP: 12/54 MP: 4/11
  4145 | D:5      | Found the +5 robe of Misfortune {Harm *Corrode *Slow EV+5}
  4171 | D:5      | Found a snail-covered altar of Cheibriados.
  4521 | D:5      | Found an ornate altar of the Wu Jian Council.
  4701 | D:5      | Reached skill level 5 in Conjurations
  5226 | D:6      | Noticed a yak
  5226 | D:6      | Noticed a yak
  5228 | D:6      | Noticed a yak
  5229 | D:6      | Noticed a yak
  5229 | D:6      | Noticed a yak
  5230 | D:6      | Noticed a yak
  5448 | D:6      | Found a shimmering blue altar of Sif Muna.
  5818 | D:5      | Slain by an ice beast

Illustrated notes

Levels and vault maps discovered:
D:1:      wander_arrival_fairy_ring, layout_loops_ring
D:2:      layout_basic
D:3:      layout_loops_cross, amcnicky_altar_gilded
D:4:      layout_gridville
D:5:      layout_cave_pools, mainiacjoe_overflow_concentric_impassable,
          nzn_wu_jian_contemplation, serial_shops, nicolae_shop_waterfront,
          kennysheep_generic_room_4, uniq_blork_the_orc, uniq_duvessa
D:6:      layout_basic, lemuel_blue_sif_altar, minmay_misc_feat_chi

Skill      XL: |  1  2  3  4  5  6  7  8 |
---------------+-------------------------+-----
Conjurations   | 2 3 4 5 |  5.5
Fighting       | 1 2 3 4 |  4.6
Dodging        | 1 2 3 4 |  4.6
Earth Magic    | 1 2 3 4 |  4.5
Throwing       | |  1.0
Stealth        | |  1.3
Spellcasting   | |  2.3
Summonings     | |  4.0
Evocations     | |  1.1

Action                   |  1- 3 |  4- 6 |  7- 9 || total
-------------------------+-------+-------+-------++-------
Melee: Dagger            |    58 |   101 |    93 ||   252
       Constrict         |    28 |    24 |    23 ||    75
       Tentacles         |    17 |    26 |    30 ||    73
       Punch             |     2 |       |     1 ||     3
       Spear             |    76 |       |       ||    76
Throw: Dart              |       |       |     4 ||     4
 Cast: Stone Arrow       |       |       |    18 ||    18
  Use: Scroll            |     1 |       |     7 ||     8
       Potion            |       |     1 |     5 ||     6
 Stab: Sleeping          |    12 |     9 |     2 ||    23
Armor: Skin              |    10 |     8 |     5 ||    23
Dodge: Dodged            |    82 |    46 |    60 ||   188

Table legend: (Time is in decaauts)
 A = Elapsed time spent in this place.
 B = Non-inter-level travel time spent in this place.
 C = Inter-level travel time spent in this place.
 D = Time resting spent in this place.
 E = Time spent auto-exploring this place.
 F = Levels seen in this place.
 G = Mean time per level.
                   A        B        C        D        E       F      G
               +--------+--------+--------+--------+--------+-----+--------+
         Total |   5844 |   5716 |    128 |   1074 |   3583 |   6 |  974.0 |
       Dungeon |   5844 |   5716 |    128 |   1074 |   3583 |   6 |  974.0 |
               +--------+--------+--------+--------+--------+-----+--------+

Top non-repeatable levels by time:
     D:5: 1272 daAuts
     D:4: 1143 daAuts
     D:6: 949 daAuts
     D:3: 935 daAuts
     D:2: 801 daAuts
     D:1: 740 daAuts
